 Dungeon Crawl Stone Soup version 0.30.0-18-gc0e69614cb (webtiles) character file.

Game seed: 16452018488778569501

7 Heoruswealwe the Digger (level 1, 10/10 HPs)
             Began as a Deep Elf Earth Elementalist on May 25, 2023.
             Got out of the dungeon alive.
             The game lasted 00:02:34 (287 turns).

Heoruswealwe the Digger (DEEE)                       Turns: 287, Time: 00:02:35

Health: 10/10      AC:  2    Str:  5    XL:     1   Next: 91%
Magic:  6/6        EV: 12    Int: 19    God:
Gold:   27         SH:  0    Dex: 15    Spells: 5/6 levels left

rFire   . . .        (no weapon)
rCold   . . .        (no shield)
rNeg    . . .        c - +0 robe
rPois   .            (no helmet)
rElec   .            (no cloak)
rCorr   .            (no gloves)
SInv    .            (no boots)
Will    .....        (no amulet)
Stlth   ++           (no ring)
HPRegen 0.21/turn    (no ring)
MPRegen 0.10/turn

%: no passive effects
@: no status effects
A: no striking features
a: no special abilities


You escaped.
You visited 1 branch of the dungeon, and saw 1 of its levels.

You collected 27 gold pieces.

Inventory:

Armour
 c - a +0 robe (worn)
Scrolls
 d - 2 scrolls of identify
Potions
 a - a potion of might
 b - a potion of magic


   Skills:
 - Level 2.4 Dodging
 - Level 2.4 Stealth
 + Level 3.4 Spellcasting
 - Level 1.1 Transmutations
 + Level 3.6 Earth Magic


You had 5 spell levels left.
You knew the following spells:

 Your Spells              Type           Power      Damage    Failure   Level
a - Sandblast             Erth           34%        2d9       3%          1

Your spell library contained the following spells:

 Spells                   Type           Power      Damage    Failure   Level
 Passwall                 Tmut/Erth      10%        N/A       9%          2
 Stone Arrow              Conj/Erth      20%        3d8       21%         3
 Petrify                  Tmut/Erth      12%        N/A       50%         4


Dungeon Overview and Level Annotations

Branches:
Dungeon (1/15)

Altars:


Message History

The blast of sand hits the quokka.
The quokka is almost dead.
The blast of sand hits the quokka.
You kill the quokka!
There is a faded altar of an unknown god here.
This altar belongs to (a) Makhleb, (b) Ashenzari or (c) Cheibriados, but you can't tell which.
Press the corresponding letter to learn more about a god, or press enter to convert or escape to cancel.
Okay, then.
You open the door.
A kobold comes into view. It is wielding a +0 dagger.
The blast of sand hits the kobold.
You kill the kobold!
There is an open door here.
Things that are here:
a +0 dagger; 2 stones You open the door.
There is an open door here.
Found 17 gold pieces.
You now have 27 gold pieces (gained 17).
There is an open door here.
You open the door.
There is an open door here.
You open the door.
There is an open door here.
There is an open door here.
Found 3 scrolls labelled HEGHOR SUQINNOG.
A giant cockroach comes into view.
You see here 3 scrolls labelled HEGHOR SUQINNOG.
The blast of sand hits the giant cockroach.
You kill the giant cockroach!
d - 3 scrolls labelled HEGHOR SUQINNOG You enter the shallow water.
Moving in this stuff is going to be slow.
As you read the scroll labelled HEGHOR SUQINNOG, it crumbles to dust.
It is a scroll of identify.
a - a potion of might You enter the shallow water.
Moving in this stuff is going to be slow.
There is a staircase leading out of the dungeon here.
Are you sure you want to leave the Dungeon?
This will make you lose the game!
You have escaped!

#......#### #..###.#####)..#
##.########## #......# ##.....
#....##...~♣♣♣♣♣~.######......
####..)##.#~~≈≈≈≈≈~~.####.......
+..........♣♣~~~~~≈♣....'.......
####...####♣♣~~~~~♣♣..###.......
##..# ♣♣~~~~~♣♣#.# ##......
####.####♣≈~~~~~≈♣#.# ##.....
#........♣♣~~@~~≈♣..# ##...#
#.##.####♣♣~~~~~♣♣### ##'##
#.##.# ♣♣~~~~~♣ #### #.##.##
♣≈~~~~~♣♣ ##.. #.##..#
#♣♣~~~~~≈♣# ... #.###.#
#~~≈≈♣≈≈~~############ #.# #.#
#.~♣♣♣♣♣~.##.......... ##
#####.###.## #..##.####....# #.#
#........# #.###.###......


There were no monsters in sight!

Vanquished Creatures
  A giant cockroach (D:1)
  A goblin (D:1)
  A hobgoblin (D:1)
  2 kobolds (D:1)
  A quokka (D:1)
6 creatures vanquished.

Notes
Turn   | Place    | Note
-------+----------+-------------------------------------------
     0 | D:1      | Heoruswealwe the Deep Elf Earth Elementalist began the
                  | quest for the Orb.
     0 | D:1      | Reached XP level 1. HP: 10/10 MP: 6/6
    90 | D:1      | Found a faded altar of an unknown god.
   287 | D:$      | Got out of the dungeon alive.

Illustrated notes

Levels and vault maps discovered:
D:1:      reono_arrival_forest_river, layout_loops_corners, serial_aquarium,
          aquarium_bridge_square [aquarium_subvault_window,
          aquarium_subvault_bridge, aquarium_subvault_wall,
          aquarium_subvault_bridge], aquarium_bridge_straight
          [aquarium_subvault_bridge, aquarium_subvault_wall,
          aquarium_subvault_bridge, aquarium_subvault_balcony],
          aquarium_window_1, aquarium_window_double, aquarium_view_2d,
          aquarium_balcony_double_4, aquarium_pool_2,
          chequers_ecumenical_altar_simple

Action                     || total
---------------------------++-------
   Cast: Sandblast         ||     9
    Use: Scroll            ||     1
